 Dungeon Crawl Stone Soup version 0.29-a0-334-gb41bcbb86e (webtiles) character file.

Game seed: 11542157635000511277

23 freelancePsychic the Vexing (level 2, -1/21 HPs)
             Began as a Demonspawn Arcane Marksman on Apr 14, 2022.
             Was a Follower of Makhleb.
             Slain by a jackal (2 damage)
             ... on level 1 of the Dungeon.
             The game lasted 00:00:53 (459 turns).

freelancePsychic the Vexing (DsAM)                   Turns: 459, Time: 00:00:54

Health: -1/21      AC:  3    Str: 10    XL:     2   Next: 72%
Magic:  3/3        EV: 12    Int: 14    God:    Makhleb [*.....]
Gold:   33         SH:  0    Dex: 13    Spells: 2/3 levels left

rFire   + . .      SeeInvis .   a - +0 shortbow
rCold   + . .      Faith    .   (shield currently unavailable)
rNeg    . . .      Spirit   .   b - +0 robe
rPois   +          Reflect  .   (no helmet)
rElec   +          Harm     .   (no cloak)
rCorr   +          Rampage  .   (no gloves)
Will    .....                   (no boots)
Stlth   +.........              (no amulet)
HPRegen 0.07/turn               (no ring)
MPRegen 0.08/turn               (no ring)

@: resistant
A: rugged brown scales 1
a: Renounce Religion


You were on level 1 of the Dungeon.
You worshipped Makhleb.
Makhleb was aware of your devotion.
You visited 1 branch of the dungeon, and saw 1 of its levels.

You collected 33 gold pieces.

Inventory:

Hand Weapons
 a - a +0 shortbow (weapon)
Armour
 b - a +0 robe (worn)
Scrolls
 c - 2 scrolls of vulnerability


   Skills:
 + Level 1.6 Fighting
 * Level 2.6 Bows
 - Level 1.7 Dodging
 - Level 1.0 Spellcasting
 - Level 3.0 Hexes
 + Level 0.3 Invocations


You had 2 spell levels left.
You knew the following spells:

 Your Spells              Type           Power      Damage    Failure   Level
a - Slow                  Hex            36%        N/A       8%          1

Your spell library contained the following spells:

 Spells                   Type           Power      Damage    Failure   Level
 Inner Flame              Hex/Fire       4%         N/A       38%         3
 Portal Projectile        Hex/Tloc       8%         N/A       38%         3
 Cause Fear               Hex            4%         N/A       58%         4


Dungeon Overview and Level Annotations

Branches:
Dungeon (1/15)

Altars:
Makhleb


Innate Abilities, Weirdness & Mutations

You are partially covered in rugged brown scales. (AC +1, +3% HP)


Message History

You shoot an arrow. The arrow barely misses the jackal.
The jackal bites you but does no damage. x2
The jackal completely misses you.
The jackal bites you but does no damage.
You shoot an arrow.
The arrow hits the jackal but does no damage.
The jackal bites you. The jackal barely misses you. The jackal misses you.
The jackal bites you but does no damage.
You shoot an arrow. The arrow misses the jackal.
The jackal closely misses you. The jackal misses you.
The jackal closely misses you. The jackal bites you.
You shoot an arrow. The arrow closely misses the jackal.
The jackal barely misses you.
The jackal bites you but does no damage.
The jackal closely misses you. x2
You shoot an arrow. The arrow closely misses the jackal.
The jackal bites you. x3
The jackal completely misses you.
You are too injured to fight recklessly!
You are too injured to fight recklessly!
The jackal attacks as you move away! The jackal closely misses you.
The jackal bites you. x2
The jackal attacks as you move away!
The jackal bites you but does no damage.
The jackal attacks as you move away! The jackal misses you.
The jackal attacks as you move away! The jackal misses you.
The jackal barely misses you.
It was a potion of resistance.
You feel protected. The jackal misses you. The jackal barely misses you.
The jackal bites you. The jackal attacks as you move away!
The jackal barely misses you. The jackal attacks as you move away!
The jackal bites you.
* * * LOW HITPOINT WARNING * * *
The jackal closely misses you. x2
The jackal attacks as you move away! The jackal barely misses you.
The jackal attacks as you move away!
The jackal bites you but does no damage.
The jackal attacks as you move away! The jackal bites you.
* * * LOW HITPOINT WARNING * * *
The jackal attacks as you move away! The jackal barely misses you.
The jackal bites you.
You die...

#..# #..# .. #..## #.### #...#
..#.# #...## ##.##.## #....#
#..#...# . #hr..###.##...## .
#h#...#..#.....#..
#@#...#..#.....#.. # #....
#.###............. P. #....
#.###########..... ♣P♣#.... ###
#................. ♣.P#.#.# ..#
##...#.............. PPP#.#.#
#.##...............#....
.P.#...###........#......>[)#....
.P.#.............##.........#....
.P.#.........#..............#####


You could see a quokka and 2 jackals.

Vanquished Creatures
  A bat (D:1)
  4 endoplasms (D:1)
  2 giant cockroaches (D:1)
  2 goblins (D:1)
  A hobgoblin (D:1)
  2 jackals (D:1)
  A quokka (D:1)
  3 ball pythons (D:1)
  3 rats (D:1)
19 creatures vanquished.

Notes
Turn   | Place    | Note
-------+----------+-------------------------------------------
     0 | D:1      | freelancePsychic the Demonspawn Arcane Marksman began the
                  | quest for the Orb.
     0 | D:1      | Reached XP level 1. HP: 15/15 MP: 2/2
    84 | D:1      | Gained mutation: You are partially covered in rugged brown
                  | scales. (AC +1, +3% HP) [demonic ancestry]
    84 | D:1      | Reached XP level 2. HP: 15/21 MP: 3/3
   251 | D:1      | Found a faded altar of an unknown god.
   265 | D:1      | Prayed at the altar of an unknown god.
   265 | D:1      | Became a worshipper of Makhleb the Destroyer
   265 | D:1      | Reached * piety under Makhleb
   459 | D:1      | HP: 1/21 [jackal (3)]
   459 | D:1      | Slain by a jackal

Illustrated notes

Levels and vault maps discovered:
D:1:      minmay_arrival_arboretum_small, layout_rooms,
          ebering_ecumenical_altar_abandoned, minmay_unequal

Skill      XL: |  1 |
---------------+----+-----
Bows           | 2 |  2.6
Fighting       | |  1.6
Dodging        | |  1.7
Spellcasting   | |  1.0
Hexes          | |  3.0
Invocations    | |  0.3

Action                   || total
-------------------------++-------
 Fire: Shortbow          ||    53
  Use: Potion            ||     1
Armor: Robe              ||    16
Dodge: Dodged            ||    45

Table legend: (Time is in decaauts)
 A = Elapsed time spent in this place.
 B = Non-inter-level travel time spent in this place.
 C = Inter-level travel time spent in this place.
 D = Time resting spent in this place.
 E = Time spent auto-exploring this place.
 F = Levels seen in this place.
 G = Mean time per level.
                   A        B        C        D        E       F      G
               +--------+--------+--------+--------+--------+-----+--------+
         Total |    479 |    479 |      0 |      0 |    363 |   1 |  479.0 |
       Dungeon |    479 |    479 |      0 |      0 |    363 |   1 |  479.0 |
               +--------+--------+--------+--------+--------+-----+--------+

Top non-repeatable levels by time:
     D:1: 479 daAuts
